 Dungeon Crawl Stone Soup version 0.16.0-11-gd45b091 (webtiles) character file.

131 Gorice the Skirmisher (level 4, -2/37 HPs)
             Began as a Demonspawn Wanderer on Mar 17, 2015.
             Slain by Grinder (6 damage)
             ... on level 3 of the Dungeon.
             The game lasted 00:13:44 (1985 turns).

Gorice the Skirmisher (Demonspawn Wanderer)         Turns: 1985, Time: 00:13:45

Health: -2/37      AC:  7    Str: 19    XL:     4   Next: 91%
Magic:  7/7        EV: 10    Int: 14    God:
Gold:   103        SH:  0    Dex: 13    Spells: 1 memorised, 6 levels left

rFire  + . .     SeeInvis .     a - +2 short sword (venom)
rCold  . . .     Clarity  .     b - +1 ring mail
rNeg   . . .     SustAb   .     (no shield)
rPois  .         Gourm    .     n - +0 helmet
rElec  .         Spirit   .     (no cloak)
rCorr  .         Warding  .     (no gloves)
rMut   .         Stasis   .     (no boots)
MR     .....                    (no amulet)
Stlth  +.........               (no ring)
                                x - +2 ring of intelligence

@: mighty, not resistant to hostile enchantments, very unstealthy
A: fire resistance 1, powered by death 1
a: no special abilities


You were on level 3 of the Dungeon.
You were not hungry.

You visited 1 branch of the dungeon, and saw 3 of its levels.

You collected 103 gold pieces.

Inventory:

Hand weapons
 a - a +2 short sword of venom (weapon)
   (You found it on level 1 of the Dungeon)
 d - a +0 dagger
 t - a +0 falchion
Missiles
 j - 20 bolts
 o - 15 bolts of flame
 w - 8 tomahawks (quivered)
 Z - 70 stones
Armour
 b - a +1 ring mail (worn)
 e - a +0 chain mail
 n - a +0 helmet (worn)
Jewellery
 x - a +2 ring of intelligence (left hand)
Scrolls
 l - a scroll of enchant weapon {unknown}
 p - a scroll of magic mapping {!r}
 u - a scroll of remove curse
Potions
 c - a potion of lignification {!q}
 h - a potion of curing
 q - a potion of might {!q}
 r - a potion of magic {unknown}
 s - a potion of resistance {unknown}
Books
 g - a book of Maledictions
 m - a book of Dreams
Comestibles
 f - 2 bread rations {!e}
 i - a chunk of flesh
 k - 2 meat rations {!e}
 v - a royal jelly


   Skills:
 - Level 4.0 Fighting
 * Level 2.1 Short Blades
   Level 1.7 Bows
 - Level 1.0 Throwing
 - Level 1.7 Armour
   Level 1.0 Shields
 - Level 2.0 Spellcasting
 - Level 1.0 Hexes


You had 6 spell levels left.
You knew the following spells:

 Your Spells              Type           Power        Failure   Level  Hunger
a - Corona                Hex            #......      28%         1    ##.....


Dungeon Overview and Level Annotations

Branches:
Dungeon (3/15)

Altars:
Vehumet

Annotations:
D:3 Grinder


Innate Abilities, Weirdness & Mutations

Your flesh is heat resistant.
You can steal the life force of nearby defeated enemies.


Message History

There is an escape hatch in the floor, spattered with blood here.
You see here a club.
Found a radiant altar of Vehumet.
A bat comes into view.
Grinder comes into view.
The bat closely misses you. The bat misses you. Grinder gestures at you.
You suddenly lose the ability to move!
The bat hits you but does no damage. x2
Grinder gestures at you.
You barely resist. The bat hits you but does no damage. x3
You can move again.
Drink which item? (? for menu, Esc to quit)
Really quaff
q - 2 potions of might {!q}?
You feel very mighty all of a sudden. The bat hits you but does no damage.
Grinder hits you.
You writhe in agony.
You take 11 damage.
You closely miss Grinder. The bat hits you but does no damage.
Grinder gestures.
Grinder blinks!
The bat hits you but does no damage. The bat closely misses you.
Grinder gestures at you. Pain shoots through your body!
You take 6 damage.
You hit Grinder!
Grinder is moderately wounded.
The bat hits you but does no damage.
Grinder says, "DUCK!"
Grinder hits you!
You writhe in agony.
* * * LOW HITPOINT WARNING * * *
You take 10 damage.
You puncture Grinder!!
Grinder is severely wounded.
The bat closely misses you. Grinder hits you.
* * * LOW HITPOINT WARNING * * *
You writhe in agony.
* * * LOW HITPOINT WARNING * * *
You take 7 damage.
Drink which item? (? for menu, Esc to quit)
It was a potion of curing.
You feel better. The bat hits you but does no damage. Grinder hits you.
* * * LOW HITPOINT WARNING * * *
You writhe in agony.
* * * LOW HITPOINT WARNING * * *
You hit Grinder!
Grinder is almost dead.
The bat closely misses you. Grinder hits you.
You die...

....#####.##.#..#.#.##
....# #.##.#..#....#
###.# #..#.#..##.#.##
.# ##.#.#..##....# .#
#...#..###.#.##
##..#..###.#..#
............#.##
#.....5....#..#
#.....@....>#.#
#.........#.#.#
#.#...b...#...#
#...!...#....#
#............#
##...#...#...#
....###.###..# ##...
... .)# #... ._..


You could see Grinder and a bat.

Vanquished Creatures
  Terence (D:1)
  4 adders
  3 worms (D:2)
  An ooze (D:1)
  An orc (D:3)
  6 goblins
  10 hobgoblins
  3 ball pythons
  9 bats
  A giant cockroach (D:3)
  2 giant geckos
  4 giant newts
  11 jackals
  7 kobolds
  5 rats
68 creatures vanquished.

Notes
Turn   | Place    | Note
--------------------------------------------------------------
     0 | D:1      | Gorice, the Demonspawn Wanderer, began the quest for the Orb.
     0 | D:1      | Gorice set off with: a book of Maledictions, a +0 ring mail, a potion of lignification {!q}, a +0 dagger, a bread ration {!e}
     0 | D:1      | Reached XP level 1. HP: 15/15 MP: 3/3
     2 | D:1      | Learned a level 1 spell: Corona
   119 | D:1      | Reached skill level 2 in Fighting
   175 | D:1      | Gained mutation: You can steal the life force of nearby defeated enemies. [demonic ancestry]
   175 | D:1      | Reached XP level 2. HP: 19/22 MP: 4/4
   804 | D:2      | Noticed Terence
   839 | D:1      | Killed Terence
   839 | D:1      | Reached skill level 3 in Fighting
   839 | D:1      | Gained mutation: Your flesh is heat resistant. [demonic ancestry]
   839 | D:1      | Reached XP level 3. HP: 22/29 MP: 6/6
   965 | D:2      | Reached XP level 4. HP: 37/37 MP: 7/7
  1064 | D:2      | Reached skill level 4 in Fighting
  1180 | D:2      | Reached skill level 1 in Short Blades
  1724 | D:3      | Reached skill level 2 in Short Blades
  1970 | D:3      | Found a radiant altar of Vehumet.
  1972 | D:3      | Noticed Grinder
  1973 | D:3      | Paralysed by Grinder for 5 turns
  1982 | D:3      | HP: 10/37 [Grinder (2)]
  1983 | D:3      | HP: 3/37 [Grinder (2)]
  1985 | D:3      | Slain by Grinder

Action                   |  1- 3 |  4- 6 || total
-------------------------+-------+-------++-------
Melee: Dagger            |    96 |       ||    96
       Short sword       |    31 |    92 ||   123
Throw: Stone             |    21 |     7 ||    28
  Use: Scroll            |     3 |     2 ||     5
       Potion            |       |     2 ||     2
  Eat: Chunk             |       |     4 ||     4

Table legend:
 A = Turns spent in this place as a percentage of turns spent in the entire game.
 B = Non-inter-level travel turns spent in this place as a percentage of non-inter-level travel turns spent in the entire game.
 C = Inter-level travel turns spent in this place as a percentage of turns spent in this place.
 D = Turns resting spent in this place as a percentage of non-inter-level travel turns spent in this place.
 E = Turns spent auto-exploring this place as a percentage of non-inter-level travel turns spent in this place.
 F = Non-inter-level travel turns spent in this place divided by the number of levels of this place that you've seen.
                   A       B       C       D       E      F
               +-------+-------+-------+-------+-------+----------------------
         Total | 100.0 | 100.0 |   0.3 |   1.7 |   6.2 | 305.7
       Dungeon | 100.0 | 100.0 |   0.3 |   1.7 |   6.2 | 305.7
               +-------+-------+-------+-------+-------+----------------------

Vault maps used:
D:1:      dpeg_arrival_pits, serial_glass, glass_columns_a, glass_columns_a,
          glass_columns_a, glass_columns_c, glass_columns_c
D:2:      uniq_terence
D:3:      bloody_trog, vehumet_crystals, gammafunk_temple_overflow_elements,
          fedhas_altar_fruit_tree, uniq_grinder
